[Event "*** Titled Tuesday Blitz"]
[Site "Chess.com"]
[Date "2020.05.26"]
[Round "4"]
[White "ChristianAlm"]
[Black "jd001"]
[Result "1-0"]
[WhiteElo "2398"]
[BlackElo "2176"]
[TimeControl "180+1"]
[EndTime "10:35:58 PDT"]
[Termination "ChristianAlm won by resignation"]

1. d4 e6 2. e4 d5 3. Nc3 Nf6 4. Bg5 dxe4 5. Nxe4 Be7 6. Bxf6 gxf6 7. Nf3 a6 8. Bd3 f5 9. Ng3 c5 10. dxc5 Bxc5 11.
Qd2 Nc6 12. O-O-O Qb6 13. Rhe1 Nb4 14. Kb1 Nxd3 15. Qxd3 O-O 16. Qd2 Be7 17. Qh6 Kh8 18. Ng5 1-0

[Event "*** Titled Tuesday Blitz"]
[Site "Chess.com"]
[Date "2020.05.26"]
[Round "4"]
[White "Revnov"]
[Black "Grischuk"]
[Result "1-0"]
[WhiteElo "2692"]
[BlackElo "3079"]
[TimeControl "180+1"]
[EndTime "10:35:59 PDT"]
[Termination "Revnov won by resignation"]

1. b3 d5 2. Bb2 Bf5 3. e3 e6 4. d4 Nf6 5. Nf3 Nbd7 6. Bd3 Bd6 7. Nbd2 O-O 8. Qe2 Ne4 9. Bxe4 dxe4 10. Ne5 Nxe5 11. dxe5 Bb4 12. O-O-O Qe7 13. g4 Bg6 14. h4 h6 15. g5 h5 16. Kb1 a5 17. a4 Rfd8 18.
Nc4 Rd5 19. Rd4 1-0

[Event "*** Titled Tuesday Blitz"]
[Site "Chess.com"]
[Date "2020.05.26"]
[Round "4"]
[White "aNaartjieZA"]
[Black "isla88"]
[Result "1-0"]
[WhiteElo "2581"]
[BlackElo "2312"]
[TimeControl "180+1"]
[EndTime "10:35:59 PDT"]
[Termination "aNaartjieZA won by resignation"]

1. e4 c5 2. Nf3 Nc6 3. g3 e5 4.
Bg2 g6 5. O-O Bg7 6. d3 Nge7 7.
Nbd2 O-O 8. a3 d6 9. c3 h6 10. b4 Be6 11. Bb2 Qd7 12. Re1 f5 13. exf5 gxf5 14.
Nh4 f4 15. Ne4 c4 16. dxc4 Bxc4 17. Qxd6 Qg4 18. h3 Qh5 19. Qc5 fxg3 20. fxg3 Be6 21.
c4 Rad8 22. b5 Nd4 23. Bxd4 Rxd4 24. Qxe7 Bxc4 25. g4 Qf7 26. Qxf7+ Rxf7 27. Nf5 Rd3 28. Ned6 Rc7 29. Nxc4 Rxc4 30. Bf1 e4 31. Bxd3 exd3 32. Nxg7 1-0

[Event "*** Titled Tuesday Blitz"]
[Site "Chess.com"]
[Date "2020.05.26"]
[Round "4"]
[White "Savagelittlemole"]
[Black "VALPARAISO37"]
[Result "0-1"]
[WhiteElo "2523"]
[BlackElo "2357"]
[TimeControl "180+1"]
[EndTime "10:36:00 PDT"]
[Termination "VALPARAISO37 won by resignation"]

1. e4 e5 2. Nf3 Nc6 3. Bb5 a6 4. Ba4 Nf6 5. O-O b5 6. Bb3 Bc5 7. c3 d6 8. d4 Bb6 9. Re1 O-O 10. h3 Bb7 11. Bg5 h6 12. Bh4 Re8 13. Na3 g5 14. Nxg5 hxg5 15. Bxg5 exd4 16. Qf3 Kg7 17. Qg3 Nh5 18.
Qh4 f6 19. Qxh5 fxg5 20. Qf7+ Kh6 21. Nc2 Ne5 22. Qf5 Bc8 0-1

[Event "*** Titled Tuesday Blitz"]
[Site "Chess.com"]
[Date "2020.05.26"]
[Round "4"]
[White "bmt011"]
[Black "CrazyMartian"]
[Result "0-1"]
[WhiteElo "2065"]
[BlackElo "2297"]
[TimeControl "180+1"]
[EndTime "10:36:00 PDT"]
[Termination "CrazyMartian won on time"]

1. d4 d5 2. Bf4 Nf6 3. e3 e6 4. Nf3 Bd6 5. Ne5 Nbd7 6. Nd2 O-O 7. Bd3 b6 8. Nc6 Qe8 9. Bxd6 cxd6 10. Nb4 a5 11.
Nc6 Bb7 12. Bb5 Rc8 13. Na7 Ra8 14. Nc6 Nb8 0-1

[Event "*** Titled Tuesday Blitz"]
[Site "Chess.com"]
[Date "2020.05.26"]
[Round "4"]
[White "Vlad_Lukiianchuk"]
[Black "OK97"]
[Result "0-1"]
[WhiteElo "2522"]
[BlackElo "2787"]
[TimeControl "180+1"]
[EndTime "10:36:01 PDT"]
[Termination "OK97 won by resignation"]

1. d4 Nf6 2. c4 e6 3. Nc3 Bb4 4.
Bg5 h6 5. Bh4 c5 6. Rc1 cxd4 7.
Qxd4 Nc6 8. Qd2 g5 9. Bg3 Ne4 10. Qd3 d5 11. f3 Nxg3 12. hxg3 d4 13. a3 Ba5 14. b4 Nxb4 15. axb4 Bxb4 16. e4 dxc3 17.
Qc2 Qd2+ 0-1

[Event "*** Titled Tuesday Blitz"]
[Site "Chess.com"]
[Date "2020.05.26"]
[Round "4"]
[White "amintabatabaei"]
[Black "stoleriu"]
[Result "1-0"]
[WhiteElo "2911"]
[BlackElo "2555"]
[TimeControl "180+1"]
[EndTime "10:36:17 PDT"]
[Termination "amintabatabaei won by resignation"]

1. e4 e6 2. d4 d5 3. Nc3 Bb4 4. e5 c5 5. a3 Bxc3+ 6. bxc3 Qc7 7.
Qg4 f6 8. Bb5+ Kf8 9. Nf3 Qa5 10.
Rb1 Qxc3+ 11. Bd2 Qxc2 12. O-O Qe4 13. Qg3 Qg6 14. Qh3 h5 15. Nh4 Qf7 16. Rfc1 c4 17.
Bb4+ Ne7 18. Qg3 Rh6 19. exf6 Rxf6 20. Qc7 Nc6 21. Bxc6 bxc6 22. Qd8+ Qe8 23. Bxe7+ 1-0

[Event "*** Titled Tuesday Blitz"]
[Site "Chess.com"]
[Date "2020.05.26"]
[Round "4"]
[White "KuzubovYuriy"]
[Black "Thee-Chessboy"]
[Result "1-0"]
[WhiteElo "2771"]
[BlackElo "2519"]
[TimeControl "180+1"]
[EndTime "10:36:17 PDT"]
[Termination "KuzubovYuriy won by resignation"]

1. d4 Nf6 2. c4 e6 3. Nf3 c5 4.
d5 exd5 5. cxd5 d6 6. Nc3 a6 7. a4 g6 8. Bf4 Bg7 9. e3 O-O 10.
Be2 Qe7 11. O-O Nbd7 12. Nd2 Ne8 13. Nc4 f5 14. Bg3 g5 15. f4 g4 16. e4 fxe4 17.
Bxg4 Ndf6 18. Bxc8 Rxc8 19. Re1 Nc7 20. Bh4 Qd7 21. Nb6 Qf5 22. Nxc8 Rxc8 23. Bxf6 Bxf6 24. Nxe4 Bd4+ 25. Kh1 Qxd5 26. Ra3 Kh8 27. Ng5 Rg8 28. Rh3 Rg7 29. Qc2 Qg8 30. Qf5 b5 31. Nxh7 Rxh7 32.
Rxh7+ Qxh7 33. Qc8+ Kg7 34. Re7+ 1-0

[Event "*** Titled Tuesday Blitz"]
[Site "Chess.com"]
[Date "2020.05.26"]
[Round "4"]
[White "fridaywins"]
[Black "Crazy_girl99"]
[Result "1-0"]
[WhiteElo "2245"]
[BlackElo "2403"]
[TimeControl "180+1"]
[EndTime "10:36:19 PDT"]
[Termination "fridaywins won by checkmate"]

1. e4 e5 2. Nf3 Nc6 3. Bb5 a6 4. Ba4 Nf6 5. O-O Nxe4 6. d4 b5 7. Bb3 d5 8. dxe5 Be6 9. Nbd2 Be7 10. c3 O-O 11. Bc2 f5 12. exf6 Nxf6 13. Ng5 Bg4 14. f3 Bc5+ 15. Kh1 Bd7 16. Nb3 Bb6 17. Nxh7 Nxh7 18. Qxd5+ Rf7 19. Bxh7+ Kf8 20. Bg5 Ne7 21. Bxe7+ Rxe7 22. Qg8# 1-0

[Event "*** Titled Tuesday Blitz"]
[Site "Chess.com"]
[Date "2020.05.26"]
[Round "4"]
[White "Onwgs"]
[Black "ftorodent"]
[Result "0-1"]
[WhiteElo "2475"]
[BlackElo "2665"]
[TimeControl "180+1"]
[EndTime "10:36:20 PDT"]
[Termination "ftorodent won by resignation"]

1. e4 e6 2. d4 d5 3. Nd2 c5 4. exd5 exd5 5. Ngf3 Nc6 6. Bb5 Bd6 7. dxc5 Bxc5 8.
O-O Ne7 9. Nb3 Bd6 10. Re1 O-O 11. Nbd4 a6 12. Bf1 Bg4 13. c3 Nxd4 14. cxd4 Nc6 15.
Be2 Qb6 16. h3 Bh5 17. b3 Bb4 18. Bd2 Bxd2 19. Qxd2 Bxf3 20. Bxf3 Nxd4 21. Bxd5 Rad8 22. Qg5 Nc2 23. Re4 Nxa1 24. Rg4 Qg6 25. Qe5 Qh6 26.
Be4 f5 27. Bxf5 Qf6 28. Be6+ Kh8 29. Qe4 Rde8 0-1

[Event "*** Titled Tuesday Blitz"]
[Site "Chess.com"]
[Date "2020.05.26"]
[Round "4"]
[White "BocharovD"]
[Black "Tayson_7"]
[Result "1-0"]
[WhiteElo "2831"]
[BlackElo "2620"]
[TimeControl "180+1"]
[EndTime "10:36:22 PDT"]
[Termination "BocharovD won by resignation"]

1. c4 Nf6 2. g3 g6 3. Bg2 Bg7 4. Nc3 O-O 5. d4 d6 6. Nf3 Nc6 7. O-O Bg4 8. d5 Na5 9. Nd2 c5 10. h3 Bd7 11. Qc2 a6 12. b3 b5 13. Bb2 Rb8 14. Nd1 Qc8 15. Kh2 e6 16. e4 bxc4 17. bxc4 exd5 18. cxd5 Bb5 19. Re1 Re8 20. Re3 Qd7 21.
Bc3 Ba4 22. Qc1 Nb7 23. Nb2 Rbc8 24. Ndc4 Rb8 25. Nb6 1-0

[Event "*** Titled Tuesday Blitz"]
[Site "Chess.com"]
[Date "2020.05.26"]
[Round "4"]
[White "mishanick"]
[Black "Escanor89"]
[Result "1-0"]
[WhiteElo "2955"]
[BlackElo "2557"]
[TimeControl "180+1"]
[EndTime "10:36:23 PDT"]
[Termination "mishanick won by resignation"]

1. d4 Nf6 2. c4 g6 3. Nc3 Bg7 4. e4 d6 5. Nf3 O-O 6. Be2 Bg4 7. Be3 Nfd7 8. Qd2 c5 9. d5 Na6 10. h3 Bxf3 11. gxf3 Re8 12. h4 e6 13. h5 exd5 14. Nxd5 Nc7 15. hxg6 hxg6 16. Bg5 Nf6 17. O-O-O Ncxd5 18. cxd5 Qe7 19. Bb5 Red8 20. Qf4 a6 21. Bd3 Qe5 22.
Qxe5 dxe5 23. f4 c4 24. fxe5 cxd3 25. exf6 Rac8+ 26. Kd2 Bf8 27. Kxd3 Bc5 28. Rh2 Bd6 29. f4 1-0

[Event "*** Titled Tuesday Blitz"]
[Site "Chess.com"]
[Date "2020.05.26"]
[Round "4"]
[White "CarlosAlbornoz"]
[Black "OparinGrigoriy"]
[Result "1-0"]
[WhiteElo "2720"]
[BlackElo "2894"]
[TimeControl "180+1"]
[EndTime "10:36:24 PDT"]
[Termination "CarlosAlbornoz won by resignation"]

1. e4 e5 2. Nf3 Nc6 3. Bb5 a6 4. Ba4 Nf6 5. O-O Be7 6. Re1 b5 7. Bb3 d6 8. c3 O-O 9. h3 Nb8 10. d4 Nbd7 11. c4 c6 12. a3 exd4 13. Nxd4 Qb6 14.
Nf5 Bd8 15. Nxd6 Ne5 16. c5 Qc7 17. f4 Ng6 18. e5 Nd5 19. Bxd5 cxd5 20. Qxd5 Rb8 21. b4 Bh4 22. Rf1 Ne7 23. Qf3 Nc6 24. Nc3 Be6 25. Nd5 Qd8 26. Bb2 a5 27. Bc3 Ra8 28. Nb6 Qc7 29. Nxa8 Rxa8 30. Nxb5 Qc8 31. Nd6 Qd7 32. b5 1-0

[Event "*** Titled Tuesday Blitz"]
[Site "Chess.com"]
[Date "2020.05.26"]
[Round "4"]
[White "TheCavemanChesss"]
[Black "AEMEffi"]
[Result "0-1"]
[WhiteElo "2461"]
[BlackElo "2313"]
[TimeControl "180+1"]
[EndTime "10:36:30 PDT"]
[Termination "AEMEffi won by resignation"]

1. e4 e5 2. Nf3 Nc6 3. Bb5 a6 4. Ba4 Nf6 5. O-O Be7 6. Re1 b5 7. Bb3 d6 8. c3 O-O 9. d4 Bg4 10. Be3 d5 11. dxe5 Nxe5 12. exd5 Nfd7 13. Nbd2 Bd6 14.
h3 Bh5 15. g4 Nxg4 16. hxg4 Bxg4 17. Qc2 f5 18. Bg5 Nf6 19. Nd4 h6 20. Ne6 Qe8 21. Nxf8 Qh5 22. Nf1 Bf3 23. Ng3 Qh3 0-1

[Event "*** Titled Tuesday Blitz"]
[Site "Chess.com"]
[Date "2020.05.26"]
[Round "4"]
[White "XxPetroffsxX"]
[Black "mohssenbinaddi"]
[Result "0-1"]
[WhiteElo "1913"]
[BlackElo "2189"]
[TimeControl "180+1"]
[EndTime "10:36:32 PDT"]
[Termination "mohssenbinaddi won by resignation"]

1. e4 c6 2. Nc3 d5 3. d4 dxe4 4. Nxe4 Bf5 5. Ng3 Bg6 6. h4 h6 7. Nf3 Nd7 8. h5 Bh7 9. Bd3 Bxd3 10. Qxd3 e6 11. Bd2 Qc7 12. O-O-O O-O-O 13. Ne4 Ngf6 14. g3 Nxe4 15. Qxe4 Nf6 16. Qe2 Bd6 17. Kb1 c5 18. c4 cxd4 19. Nxd4 a6 20. Bc3 Rd7 21. f4 Rhd8 22. Nf3 Qc6 23. Ne5 Bxe5 24. Bxe5 Ne4 25.
Rhe1 Rxd1+ 26. Rxd1 Rxd1+ 27. Qxd1 f6 28. Bd4 Nxg3 29. b3 Qe4+ 30. Kb2 Qe2+ 0-1

[Event "*** Titled Tuesday Blitz"]
[Site "Chess.com"]
[Date "2020.05.26"]
[Round "4"]
[White "velemajstor767276"]
[Black "AcsinteMatei"]
[Result "1-0"]
[WhiteElo "2594"]
[BlackElo "2352"]
[TimeControl "180+1"]
[EndTime "10:36:36 PDT"]
[Termination "velemajstor767276 won by resignation"]

1. d4 Nf6 2. Bg5 Ne4 3. h4 d5 4. Nd2 Nxg5 5. hxg5 Bf5 6. Ngf3 e6 7.
c3 c5 8. e4 dxe4 9. Bb5+ Nc6 10. Ne5 Rc8 11. g4 Bg6 12. Nxg6 fxg6 13. Qb3 cxd4 14. Qxe6+ Be7 15. Nxe4 Qd7 16. Nd6+ Qxd6 17. Qxc8+ Kf7 18. Bc4+ 1-0

[Event "*** Titled Tuesday Blitz"]
[Site "Chess.com"]
[Date "2020.05.26"]
[Round "4"]
[White "Belka1989"]
[Black "robertofabregas"]
[Result "1/2-1/2"]
[WhiteElo "2365"]
[BlackElo "2117"]
[TimeControl "180+1"]
[EndTime "10:36:36 PDT"]
[Termination "Game drawn by agreement"]

1. e4 c5 2. Nf3 d6 3. d4 cxd4 4. Nxd4 Nf6 5. f3 e6 6. c4 a6 7. Nc3 Nc6 8. Be3 Bd7 9. Be2 Be7 10. O-O O-O 11. Rc1 Rc8 12. a3 Nxd4 13. Bxd4 e5 14.
Bf2 Be6 15. Nd5 Nxd5 16. cxd5 Bd7 17. Qb3 b5 18. Rc3 Rxc3 19. Qxc3 Qc8 20. Rc1 f5 21. Qxc8 Rxc8 22. Rxc8+ Bxc8 1/2-1/2

[Event "*** Titled Tuesday Blitz"]
[Site "Chess.com"]
[Date "2020.05.26"]
[Round "4"]
[White "MusicCityMaster"]
[Black "Swarajan"]
[Result "1-0"]
[WhiteElo "2354"]
[BlackElo "2046"]
[TimeControl "180+1"]
[EndTime "10:36:37 PDT"]
[Termination "MusicCityMaster won by resignation"]

1. e4 c5 2. Nf3 d6 3. d4 cxd4 4. Nxd4 Nf6 5. Nc3 g6 6. Bg5 Bg7 7. Bb5+ Nbd7 8. Qe2 a6 9. Ba4 b5 10. Bb3 O-O 11. O-O-O Bb7 12. f4 Qb6 13. e5 dxe5 14.
fxe5 Nxe5 15. Qxe5 Nd5 16. Nxd5 Bxd5 17. Qxd5 Rad8 18.
Qf3 Rxd4 19. Bxe7 Rc8 20. Qxf7+ Kh8 21. Rhf1 a5 22. Rxd4 Qxd4 23. Bf6 1-0

[Event "*** Titled Tuesday Blitz"]
[Site "Chess.com"]
[Date "2020.05.26"]
[Round "4"]
[White "Kildepiotr"]
[Black "abubakrtagelsir"]
[Result "0-1"]
[WhiteElo "2473"]
[BlackElo "2319"]
[TimeControl "180+1"]
[EndTime "10:36:38 PDT"]
[Termination "abubakrtagelsir won by resignation"]

1. Nf3 Nf6 2. g3 g6 3. Bg2 Bg7 4. O-O O-O 5. d4 d6 6. Nbd2 c6 7. e4 Nbd7 8. Qe2 e5 9. dxe5 dxe5 10. a4 Re8 11. b3 a5 12. Nc4 Qc7 13. Rd1 Bf8 14. Bb2 Bc5 15. Bh3 h5 16. Kg2 Ng4 17. Bxg4 hxg4 18. Nfd2 Nf8 19. Ne3 Bxe3 20. Qxe3 Ne6 21.
Nc4 f6 22. Rd2 Qh7 23. Rad1 Qh3+ 24. Kh1 Ng5 25. Nxe5 Rxe5 26. Bxe5 Nf3 27. Rd8+ Kf7 28. R1d7+ Bxd7 29. Rxd7+ Kg8 0-1

[Event "*** Titled Tuesday Blitz"]
[Site "Chess.com"]
[Date "2020.05.26"]
[Round "4"]
[White "Y0ung_Capablanca"]
[Black "BIG_Pirate"]
[Result "1-0"]
[WhiteElo "2666"]
[BlackElo "2321"]
[TimeControl "180+1"]
[EndTime "10:36:39 PDT"]
[Termination "Y0ung_Capablanca won on time"]

1. e4 d5 2. exd5 Qxd5 3. Nf3 Bg4 4. Be2 Nc6 5. O-O O-O-O 6. d3 Nf6 7. Nc3 Qf5 8. Ng5 Bxe2 9. Nxe2 Nd5 10. Ng3 Qg6 11. Qh5 Ne5 12. Qxg6 fxg6 13. d4 h6 14. dxe5 hxg5 15.
Bxg5 Rd7 16. Rad1 e6 17. c4 Ne7 18. Rxd7 Kxd7 19. Rd1+ Ke8 20. b3 Nc6 21. f4 Bc5+ 22. Kh1 a5 23. Ne4 Bb4 24. g3 Rf8 25. Kg2 Rf7 26.
h4 Rd7 27. Rxd7 Kxd7 28. Kf3 Nd4+ 29. Ke3 Nf5+ 30. Kd3 Kc6 31. g4 1-0

[Event "*** Titled Tuesday Blitz"]
[Site "Chess.com"]
[Date "2020.05.26"]
[Round "4"]
[White "fabianvivasz"]
[Black "MateSchmate"]
[Result "1-0"]
[WhiteElo "2294"]
[BlackElo "2398"]
[TimeControl "180+1"]
[EndTime "10:36:41 PDT"]
[Termination "fabianvivasz won by checkmate"]

1. e4 e6 2. d4 d5 3. Nd2 a6 4. Ngf3 Nf6 5. e5 Nfd7 6. Bd3 c5 7. c3 Nc6 8. O-O g5 9. dxc5 g4 10. Nd4 Ncxe5 11. Be2 h5 12. f4 gxf3 13. N2xf3 Nxf3+ 14. Bxf3 Qh4 15. g3 Qh3 16. b4 Ne5 17. Bf4 Ng4 18.
Qe2 Bh6 19. Bxh6 Rxh6 20. Rae1 Rg6 21. Nf5 Bd7 22. Nd6+ Kf8 23. Bxg4 Rxg4 24. Rxf7+ Kg8 25. Rxd7 Rf8 26. Qxe6+ Kh8 27. Qh6+ Kg8 28. Qh7# 1-0

[Event "*** Titled Tuesday Blitz"]
[Site "Chess.com"]
[Date "2020.05.26"]
[Round "4"]
[White "Aleksandr_Kozak"]
[Black "Nor1lsk"]
[Result "0-1"]
[WhiteElo "2330"]
[BlackElo "2591"]
[TimeControl "180+1"]
[EndTime "10:36:49 PDT"]
[Termination "Nor1lsk won by resignation"]

1. e4 c5 2. c3 g6 3. d4 cxd4 4.
cxd4 d5 5. exd5 Nf6 6. Bb5+ Nbd7 7. Nc3 Bg7 8. Qb3 O-O 9. Bxd7 Qxd7 10. Nf3 Rd8 11.
Ne5 Qd6 12. Nc4 Qa6 13. O-O Nxd5 14. Re1 Be6 15. Rxe6 Qxe6 16. Bg5 Bxd4 17. Nxd5 Rxd5 18. Be3 Rad8 19. h3 b5 20. Na5 Bxe3 21. fxe3 Qe4 22. Rf1 e6 23. Nc6 Rd2 24. Ne7+ Kf8 0-1

[Event "*** Titled Tuesday Blitz"]
[Site "Chess.com"]
[Date "2020.05.26"]
[Round "4"]
[White "ameetghasi100"]
[Black "albano87"]
[Result "1-0"]
[WhiteElo "2711"]
[BlackElo "2368"]
[TimeControl "180+1"]
[EndTime "10:36:51 PDT"]
[Termination "ameetghasi100 won by resignation"]

1. Nf3 c5 2. g3 Nc6 3. Bg2 g6 4.
O-O Bg7 5. c3 Nf6 6. d3 O-O 7. Qa4 d5 8. Qh4 Bf5 9. Bg5 Qd7 10. h3 d4 11. c4 a6 12. Nbd2 Ne8 13.
Bh6 f6 14. Bxg7 Kxg7 15. g4 Be6 16. Ne4 b6 17. a3 Nd6 18. Nfd2 Bf7 19. b4 cxb4 20.
axb4 Nxb4 21. Nxd6 Qxd6 22. Bxa8 Rxa8 23. Ne4 Qc6 24.
Qg3 a5 25. Rfb1 Na6 26. g5 Nc5 27. Nxc5 bxc5 28. gxf6+ exf6 29. Qf3 Qc8 30. Rb7 a4 31. Qd5 1-0

[Event "*** Titled Tuesday Blitz"]
[Site "Chess.com"]
[Date "2020.05.26"]
[Round "4"]
[White "warmoatmeal"]
[Black "Malysch"]
[Result "0-1"]
[WhiteElo "2153"]
[BlackElo "2458"]
[TimeControl "180+1"]
[EndTime "10:36:57 PDT"]
[Termination "Malysch won by resignation"]

1. e4 d5 2. exd5 Qxd5 3. Nf3 Bg4 4. Nc3 Qd7 5. Be2 Nc6 6. h3 Bh5 7. d3 O-O-O 8. Be3 Nf6 9. Qd2 e5 10. O-O-O Bb4 11. a3 Ba5 12. Ng1 Bg6 13. Bg5 Nd4 14. Nf3 Rhe8 15. Rhe1 Kb8 16. Kb1 Qc6 17. b4 Bb6 18.
Nxd4 Bxd4 19. Na2 Bxf2 20. Rf1 Bb6 21. Bxf6 gxf6 22. Bf3 e4 23. Be2 e3 24. Qc3 Qxg2 25.
Bf3 Qxh3 26. Rde1 e2 27. Rxe2 Qxf1+ 28. Kb2 Qxf3 29. Rxe8 Rxe8 30. Qc6 Qxc6 0-1

[Event "*** Titled Tuesday Blitz"]
[Site "Chess.com"]
[Date "2020.05.26"]
[Round "4"]
[White "Colombiano07"]
[Black "Two_Towers_Krakow"]
[Result "1/2-1/2"]
[WhiteElo "2271"]
[BlackElo "2429"]
[TimeControl "180+1"]
[EndTime "10:36:57 PDT"]
[Termination "Game drawn by repetition"]

1. e4 c5 2. Nf3 d6 3. d4 cxd4 4. Nxd4 Nf6 5. Nc3 a6 6. Bc4 e6 7. Bb3 Be7 8. Qe2 Nc6 9. Be3 Na5 10. O-O-O Bd7 11. Kb1 Rc8 12. g4 Rxc3 13. bxc3 Nxe4 14. Kb2 Qc7 15. Rd3 b5 16. f3 Nc5 17. Rd2 Na4+ 18. Bxa4 Nc4+ 19. Ka1 bxa4 20. Rdd1 O-O 21. Rb1 Na3 22.
Rb2 Qxc3 23. Qd3 Qxd3 24. cxd3 Rc8 25. Rc1 Rxc1+ 26. Bxc1 Nb5 27. Nxb5 Bxb5 28. d4 d5 29. Rc2 g5 30. Kb2 Bc4 31. Kc3 a5 32. Kd2 f6 33. Ke3 Kf7 34. Bd2 Bb4 35. Rb2 a3 36. Rxb4 axb4 37. Bxb4 Bxa2 38. Bxa3 Bc4 39. Bd6 Kg6 40. Bg3 h5 41. h3 h4 42. Bc7 Bf1 43. Kf2 Bxh3 44. Bd6 f5 45. gxf5+ Kxf5 46. Be5 Kg6 47.
Bd6 Bf5 48. Be5 Kh5 49. Bf6 g4 50. fxg4+ Kxg4 51. Kg2 h3+ 52. Kh2 Kf3 53. Be5 Kf2 54. Bf6 Kf3 55. Be5 Ke4 56. Bf6 Kf3 1/2-1/2

[Event "*** Titled Tuesday Blitz"]
[Site "Chess.com"]
[Date "2020.05.26"]
[Round "4"]
[White "MilosJi"]
[Black "SantoBlue"]
[Result "0-1"]
[WhiteElo "2523"]
[BlackElo "2791"]
[TimeControl "180+1"]
[EndTime "10:37:01 PDT"]
[Termination "SantoBlue won by resignation"]

1. Nf3 Nf6 2. c4 e6 3. g3 b6 4. Bg2 Bb7 5. O-O Be7 6. d4 O-O 7. Nc3 Ne4 8. Qc2 Nxc3 9. Qxc3 Be4 10. b3 d5 11. Bb2 Nd7 12. Rac1 c6 13. Rfd1 a5 14.
a3 b5 15. cxd5 cxd5 16. Qd2 a4 17. Ne5 Nxe5 18. Bxe4 dxe4 19. dxe5 Qxd2 20. Rxd2 axb3 21. Rc3 b4 22. Rxb3 bxa3 23. Ba1 Rfb8 24. Rxb8+ Rxb8 25. Kg2 h5 26. Rd7 Bf8 27. Ra7 Rb1 28. Bd4 Rd1 29. e3 g6 30. Ra8 Kg7 31. Ra7 g5 32. h3 Rd2 33. g4 hxg4 34. hxg4 a2 35. Ra4 Rc2 36. Ra7 Bb4 37. Ra4 Be1 38. Kf1 Bxf2 39. Ra7 Rd2 40. Ra6 Bxe3 41. Bxe3 Rd1+ 0-1

[Event "*** Titled Tuesday Blitz"]
[Site "Chess.com"]
[Date "2020.05.26"]
[Round "4"]
[White "DucksParadise"]
[Black "ArnieChipmunk"]
[Result "0-1"]
[WhiteElo "2042"]
[BlackElo "2278"]
[TimeControl "180+1"]
[EndTime "10:37:01 PDT"]
[Termination "ArnieChipmunk won by resignation"]

1. e4 e5 2. Nf3 d6 3. d4 f5 4.
exf5 e4 5. Ng5 Bxf5 6. g4 h6 7.
Nh3 Bd7 8. Nf4 Nf6 9. Be2 Nc6 10. Ng6 Rg8 11. f4 d5 12. O-O Bd6 13. f5 Ne7 14.
Nf4 g5 15. fxg6 Nxg6 16. Nxg6 Rxg6 17. Kh1 Qe7 18. h3 O-O-O 19. Nc3 Rdg8 20. Bf4 h5 21. gxh5 Rg3 22. Bxg3 Rxg3 23. Bg4 Nxg4 0-1

[Event "*** Titled Tuesday Blitz"]
[Site "Chess.com"]
[Date "2020.05.26"]
[Round "4"]
[White "ValeriyGrinev"]
[Black "ulkaf961"]
[Result "1-0"]
[WhiteElo "2575"]
[BlackElo "2198"]
[TimeControl "180+1"]
[EndTime "10:37:02 PDT"]
[Termination "ValeriyGrinev won by resignation"]

1. c4 c6 2. e4 d5 3. exd5 cxd5 4.
d4 Nf6 5. Nc3 g6 6. cxd5 Bg7 7.
Qb3 O-O 8. Be2 Nbd7 9. Bf3 Nb6 10. a4 a5 11. Nge2 e6 12. dxe6 Bxe6 13. Qd1 Bc4 14.
O-O Re8 15. b3 Ba6 16. Re1 Rc8 17. Ba3 Nfd5 18. Nb5 Bxb5 19. axb5 Qd7 20. Qd3 a4 21. Bc5 axb3 22. Qxb3 Ra8 23. h3 Rxa1 24. Rxa1 Qf5 25. Nc3 Nxc3 26. Qxc3 Nd5 27. Bxd5 Qxd5 28. Re1 Rxe1+ 29. Qxe1 Bxd4 30. Qe8+ Kg7 31. Qf8+ Kf6 32.
Bxd4+ 1-0

[Event "*** Titled Tuesday Blitz"]
[Site "Chess.com"]
[Date "2020.05.26"]
[Round "4"]
[White "Nastya_Rakhmangulova"]
[Black "LizaSolovyova"]
[Result "1-0"]
[WhiteElo "2307"]
[BlackElo "2449"]
[TimeControl "180+1"]
[EndTime "10:37:02 PDT"]
[Termination "Nastya_Rakhmangulova won by resignation"]

1. e4 e5 2. Nf3 d6 3. d4 Qe7 4.
dxe5 dxe5 5. b3 Nd7 6. Nc3 c6 7. a4 a5 8. Bc4 h6 9. O-O Qf6 10. Ne2 g5 11. Ng3 g4 12. Ne1 h5 13. f4 Bc5+ 14.
Kh1 Qh4 15. Nf5 Qf6 16. Nd3 Bb6 17. fxe5 Nxe5 18. Nxe5 Qxe5 19. Nd6+ 1-0

[Event "*** Titled Tuesday Blitz"]
[Site "Chess.com"]
[Date "2020.05.26"]
[Round "4"]
[White "kushagramohan"]
[Black "BLITZMASTER"]
[Result "1-0"]
[WhiteElo "2681"]
[BlackElo "2483"]
[TimeControl "180+1"]
[EndTime "10:37:03 PDT"]
[Termination "kushagramohan won by resignation"]

1. e4 e5 2. Nf3 Nc6 3. Bb5 a6 4. Ba4 Nf6 5. O-O b5 6. Bb3 Bb7 7. d3 Be7 8. a4 O-O 9. Nc3 Na5 10. Ba2 b4 11. Nd5 Nxd5 12. Bxd5 Bxd5 13. exd5 d6 14.
Bd2 Rb8 15. c4 c6 16. Re1 cxd5 17. cxd5 Bf6 18. Re4 b3 19. Rc1 Nb7 20. Bb4 Re8 21.
h3 g6 22. Rec4 Qd7 23. Rc6 a5 24. Ba3 e4 25. dxe4 Rxe4 26. Qxb3 Qd8 27. Rb6 Nc5 28.
Bxc5 1-0

[Event "*** Titled Tuesday Blitz"]
[Site "Chess.com"]
[Date "2020.05.26"]
[Round "4"]
[White "MaxLeto"]
[Black "emiliocordova"]
[Result "0-1"]
[WhiteElo "2330"]
[BlackElo "2715"]
[TimeControl "180+1"]
[EndTime "10:37:05 PDT"]
[Termination "emiliocordova won by checkmate"]

1. g4 d5 2. Bg2 c6 3. g5 e5 4. d4 e4 5. c4 h6 6. h4 hxg5 7. Bxg5 Qb6 8. Qd2 Nh6 9. Nc3 Be6 10. Nh3 Nf5 11. c5 Qb4 12. O-O-O f6 13. Be3 Na6 14. Nf4 Bf7 15. h5 b6 16. a3 Qb3 17. cxb6 axb6 18.
Qc2 Qxc2+ 19. Kxc2 Nxe3+ 20. fxe3 b5 21. b4 Nb8 22. Kb3 Nd7 23. a4 bxa4+ 24. Nxa4 Rb8 25.
Kc2 Rxb4 26. Ra1 Rc4+ 27. Kb3 Bd6 28. Bh3 Ke7 29. Bxd7 Rb8+ 30. Ka2 Rxa4# 0-1

[Event "*** Titled Tuesday Blitz"]
[Site "Chess.com"]
[Date "2020.05.26"]
[Round "4"]
[White "avantage_ru"]
[Black "S_Kalvaitis"]
[Result "1-0"]
[WhiteElo "2709"]
[BlackElo "2327"]
[TimeControl "180+1"]
[EndTime "10:37:07 PDT"]
[Termination "avantage_ru won by resignation"]

1. Nc3 Nf6 2. g3 d5 3. Bg2 e5 4. d3 Be6 5. Nf3 Nbd7 6. Ng5 Bb4 7. Nxe6 fxe6 8. O-O O-O 9. e3 c6 10. Ne2 Qc7 11. a3 Bc5 12. b3 Rae8 13. Bb2 Qd6 14.
c4 a5 15. Qc2 d4 16. exd4 Bxd4 17. Nxd4 exd4 18. b4 e5 19. Qb3 Kh8 20. Rae1 axb4 21. axb4 Qe6 22. Bxd4 Qf5 23. Bb2 Ng4 24. Qc2 h5 25.
Qe2 Rf6 26. h3 Nh6 27. Bc1 Kh7 28. Be4 Qxe4 1-0

[Event "*** Titled Tuesday Blitz"]
[Site "Chess.com"]
[Date "2020.05.26"]
[Round "4"]
[White "doctorcristian"]
[Black "Koalaskakistis"]
[Result "1-0"]
[WhiteElo "2300"]
[BlackElo "2443"]
[TimeControl "180+1"]
[EndTime "10:37:07 PDT"]
[Termination "doctorcristian won by resignation"]

1. d4 f5 2. g3 Nf6 3. Bg2 e6 4. Nh3 Be7 5. O-O O-O 6. Nd2 d5 7. Nf3 c5 8. c3 Nc6 9. Nf4 c4 10. h4 Bd7 11. b3 b5 12. Ng5 Qc8 13. bxc4 bxc4 14. a4 h6 15. Nf3 Ne4 16. Qc2 Bd6 17. Ng6 Re8 18. Bf4 Bxf4 19. gxf4 Na5 20. Nfe5 Nb3 21.
Ra2 Rb8 22. Kh2 Rd8 23. Ne7+ 1-0